Description

tvt one base all in

VOD

https://www.youtube.com/watch?v=k9LtVcYUU9I

Replay - 2021-02-08 - (T)MillForGG VS (T)Dolan

Build Order

Get SALT Encoding   

  12  0:00  SCV  
  13  0:12  SCV  
  14  0:17  Supply Depot  
  14  0:24  SCV  
  14  0:27  Refinery  
  15  0:39  SCV  
  16  0:44  Barracks  
  16  0:51  SCV  
  16  0:53  Refinery  
  17  1:03  SCV  
  18  1:15  SCV  
  19  1:31  Reaper, Orbital Command  
  20  1:36  Factory  
  20  1:50  Supply Depot  
  20  1:58  SCV  
  21  2:03  Barracks Reactor  
  21  2:11  SCV  
  22  2:21  Starport  
  22  2:22  Factory Tech Lab  
  22  2:23  SCV  
  23  2:30  Supply Depot  
  23  2:41  Siege Tank, Marine x2  
  29  2:44  SCV  
  28  2:58  Starport Reactor  
  28  2:59  Marine x2  
  30  3:14  Siege Tank  
  30  3:17  Marine x2  
  30  3:19  Supply Depot  
  35  3:35  Viking x2  
  35  3:41  Marine x2  
  41  3:42  Supply Depot  
  41  3:58  Marine x2  
  43  4:05  Viking x2  
  47  4:14  Supply Depot  
  47  4:18  Marine x2  
  49  4:24  Siege Tank  
Spawning Tool Build Advisor. Get it on Overwolf

Go to:

Details

  • Created by: mustanggt101
  • Published on: Dec 21, 2022
  • Modified on: Dec 21, 2022
  • Patch: 4.11.0
  • Difficulty: Medium
Show
View Real Time Build Order
Export as new Build Order

Comments (0)

There are no comments. Be the first!

Create an account to comment!